Map: Port Aleksander LE

Players

Odin

  • Race: Zerg Zerg
  • League: Gold
  • Spawn Location: 5:00

keyser - Winner!

  • Race: Terran Terran
  • League: Gold
  • Spawn Location: 11:00

VOD

Have the link to the VOD?

Description

Time

  • Played on: Dec. 15, 2018, 2:18 a.m.
  • Length: 36:25
Show
View Real Time Build Order
Export as new Build Order

Odin Zerg 

Build Orders: Hatch First, Zergling Baneling 

Get SALT Encoding   

  12  0:16  Drone x2  
  12  0:19  Extractor  
  12  0:20  Drone  
  15  0:27  Overlord  
  15  1:01  Extractor  
  15  1:02  Drone  
  15  1:05  Hatchery  
  14  1:13  Spawning Pool  
  14  1:14  Drone  
  14  1:24  Drone x2  
  16  1:30  Drone  
  17  1:36  Drone  
  18  1:47  Drone  
  19  2:03  Metabolic Boost  
  19  2:05  Queen  
  21  2:21  Queen  
  23  2:26  Baneling Nest, Drone  
  23  2:28  Zergling x4  
  25  2:31  Zergling x2  
  26  2:55  Overlord x3  
  26  3:26  Zergling x4  
  26  3:27  Zergling x14  
  35  3:53  Baneling x6  
  35  4:01  Baneling  
  35  4:02  Baneling x3  
  35  4:04  Baneling  
  35  4:08  Zergling x2  
  35  4:09  Zergling x12  
  30  4:41  Drone  
  30  4:42  Drone x8  
  34  4:54  Roach Warren  
  34  4:55  Extractor  
  30  5:34  Roach x4  
  30  5:35  Roach x4  
  46  5:45  Queen  
  48  6:00  Ravager x2  
  50  6:07  Overlord x3  
  50  6:16  Ravager x2  
  52  6:20  Hatchery  
  51  6:30  Roach x3  
  57  6:35  Drone x5  
  62  7:13  Lair  
  62  7:19  Extractor  
  62  7:20  Roach x7  
  62  7:21  Extractor  
  74  7:27  Queen  
  74  7:29  Overlord x2  
  76  7:45  Ravager  
  76  7:48  Ravager  
  78  7:57  Spore Crawler  
  77  8:01  Spore Crawler  
  76  8:09  Queen  
  76  8:11  Drone x11  
  89  8:23  Ravager x2  
  91  8:28  Overlord  
  91  8:29  Overlord  
  91  8:48  Zergling x8  
  95  8:55  Extractor, Spore Crawler  
  94  8:59  Ravager x4  
  97  9:11  Hydralisk Den  
  97  9:16  Overseer  
  96  9:20  Overseer  
  92  9:51  Hydralisk  
  92  9:52  Hydralisk x6  
  106  9:55  Hydralisk  
  108  10:10  Burrow  
  108  10:18  Muscular Augments, Hatchery  
  107  10:50  Drone  
  107  10:51  Drone x6  
  107  10:52  Overlord x3  
  107  10:53  Overlord x5  
  114  11:15  Pneumatized Carapace  
  114  11:31  Glial Reconstitution  
  114  11:56  Hydralisk x6  
  114  11:57  Hydralisk x6  
  138  12:27  Infestation Pit  
  137  12:33  Drone x10  
  137  12:34  Drone x5  
  152  12:44  Hatchery  
  151  13:03  Hydralisk x20  
  151  13:08  Roach x6  
  151  13:42  Overlord  
  151  13:43  Overlord x6  
  151  13:47  Extractor  
  150  13:49  Extractor, Drone x5  
  154  13:58  Queen  
  154  13:59  Hive  
  154  14:02  Neural Parasite  
  156  14:09  Spore Crawler  
  155  14:12  Spine Crawler  
  154  14:22  Queen  
  154  14:28  Lurker Den  
  153  14:33  Drone x18  
  153  14:34  Queen  
  153  14:37  Queen  
  173  14:40  Extractor  
  172  14:50  Evolution Chamber  
  172  14:51  Evolution Chamber  
  172  14:52  Evolution Chamber  
  169  15:21  Pathogen Glands  
  169  15:44  Extractor, Hatchery  
  169  15:48  Extractor  
  166  15:53  Infestor x4  
  166  15:54  Infestor  
  166  15:55  Extractor, Hatchery, Infestor  
  176  15:58  Extractor  
  175  16:07  Zerg Missile Weapons Level 1, Zerg Ground Armor Level 1, Zerg Melee Weapons Level 1  
  175  16:12  Ultralisk Cavern  
  175  16:15  Adrenal Glands  
  175  16:17  Zergling x4  
  175  16:18  Zergling x8  
  180  16:19  Zergling x4  
  182  16:31  Hydralisk x16  
  182  16:41  Lurker  
  182  16:42  Lurker x14  
  182  16:44  Lurker  
  198  16:58  Lurker x6  
  198  16:59  Lurker x2  
  182  17:18  Adaptive Talons  
  182  17:22  Grooved Spines  
  182  17:24  Chitinous Plating  
  74  17:59  Ultralisk x2  
  74  18:00  Ultralisk x5  
  116  18:06  Roach  
  116  18:07  Roach x9  
  136  18:41  Drone  
  136  18:42  Drone x6, Anabolic Synthesis  
  136  18:43  Drone  
  144  18:52  Ravager x3  
  144  18:53  Ravager x6  
  144  18:55  Ravager  
  154  19:01  Queen  
  154  19:10  Zerg Melee Weapons Level 2  
  154  19:26  Hydralisk x7  
  154  19:27  Hydralisk x2  
  172  19:45  Hydralisk  
  172  19:47  Hydralisk x7  
  95  20:50  Infestor x2  
  95  20:51  Infestor x6  
  95  20:56  Zergling x34  
  95  20:57  Zergling x30  
  142  21:36  Baneling x5  
  142  21:37  Baneling x29  
  142  21:38  Baneling x7  
  142  21:54  Centrifical Hooks  
  130  22:28  Zergling x26  
  130  22:29  Zergling x22  
  158  22:30  Zergling x18  
  102  23:21  Hydralisk x24  
  102  23:26  Overlord  
  138  24:06  Hatchery  
  138  24:08  Extractor  
  138  24:09  Spire  
  135  24:11  Extractor, Spire  
  133  24:23  Drone  
  133  24:24  Drone x3  
  137  24:40  Ultralisk x4  
  161  25:02  Zerg Melee Weapons Level 3, Zerg Missile Weapons Level 2  
  161  25:03  Zerg Ground Armor Level 2  
  155  25:15  Zergling x26  
  155  25:16  Zergling x10  
  155  25:49  Infestor x8  
  153  25:57  Extractor, Hatchery  
  153  25:59  Extractor  
  146  26:30  Corruptor  
  146  26:31  Corruptor x7  
  158  27:23  Greater Spire  
  158  27:27  Overlord x3  
  158  27:28  Overlord x8  
  158  27:29  Overlord x3  
  158  27:30  Overlord  
  104  28:46  Brood Lord  
  106  28:48  Brood Lord  
  106  28:49  Brood Lord x6  
  106  28:50  Corruptor x6  
  106  28:54  Zergling x32  
  106  28:55  Zergling x4  
  150  29:40  Zerg Missile Weapons Level 3, Zerg Ground Armor Level 3  
  127  29:53  Infestor  
  127  29:54  Infestor  
  99  30:11  Corruptor x3  
  103  30:33  Corruptor x3  
  109  30:35  Hatchery  
  109  30:38  Extractor  
  107  30:54  Overlord, Corruptor x2  
  111  31:02  Extractor  
  90  31:25  Corruptor x3  
  76  32:15  Corruptor x6  
  82  32:50  Corruptor x3  
  82  32:51  Corruptor x2  
  88  33:10  Corruptor x2  
  88  33:11  Corruptor  
  90  33:30  Corruptor x2  
  92  33:43  Extractor  
  92  33:45  Hatchery  
  92  33:46  Extractor  
  69  33:59  Zergling x8  
  69  34:00  Zergling x22  
  84  34:12  Brood Lord  
  84  34:13  Brood Lord x2, Extractor  
  84  34:14  Hatchery  
  88  34:17  Extractor  
  77  35:04  Brood Lord x3  
  78  35:16  Zergling x16  
  78  35:17  Zergling x10  
  78  35:18  Zergling x6  
Show
View Real Time Build Order
Export as new Build Order

keyser Terran - Winner!

Build Orders: Liberator Opening, Mech 

Get SALT Encoding   

  12  0:01  SCV  
  13  0:17  Supply Depot  
  13  0:18  SCV  
  14  0:34  SCV  
  15  0:46  SCV  
  16  0:50  Barracks  
  16  0:59  Refinery, SCV  
  17  1:11  SCV  
  18  1:23  SCV  
  19  1:35  SCV  
  19  1:38  Supply Depot  
  19  1:39  Marine  
  21  1:48  Refinery, Orbital Command  
  21  2:02  Marine  
  21  2:07  Factory  
  22  2:14  SCV  
  23  2:27  Marine  
  24  2:35  Command Center  
  24  2:36  SCV  
  25  2:51  Hellion  
  27  2:52  Starport  
  27  3:13  Liberator  
  26  3:27  Barracks Reactor  
  26  3:28  Factory Tech Lab  
  29  3:34  Supply Depot  
  29  3:47  Siege Tank  
  32  3:49  Orbital Command  
  32  3:54  Supply Depot  
  32  4:03  Marine x2  
  32  4:47  Supply Depot  
  32  4:50  Barracks  
  32  4:51  Supply Depot  
  27  5:06  Orbital Command  
  27  5:08  Siege Tank  
  30  5:31  Supply Depot  
  30  5:33  Supply Depot  
  30  5:48  SCV x2  
  32  5:54  Supply Depot  
  32  5:57  Supply Depot  
  32  6:00  SCV x2  
  32  6:04  Factory x2  
  34  6:10  Factory, Barracks Reactor  
  34  6:22  SCV x2  
  36  6:26  Starport Tech Lab  
  36  6:43  Refinery  
  36  6:44  Refinery  
  36  6:45  SCV x2  
  38  6:48  Factory Tech Lab  
  38  6:49  Factory Tech Lab  
  38  6:54  Factory Tech Lab  
  38  6:57  SCV  
  39  7:02  Factory  
  39  7:09  SCV  
  39  7:11  Armory  
  39  7:15  Engineering Bay  
  40  7:23  Hellion x3  
  40  7:24  Hellion  
  40  7:26  Infernal Pre-Igniter  
  48  7:31  Raven  
  50  7:42  SCV x2  
  52  7:44  Hellion  
  52  7:45  Hellion x2  
  58  7:54  SCV  
  58  7:57  Smart Servos  
  59  8:00  Hellion  
  59  8:01  Hellion  
  63  8:05  Siege Tank  
  63  8:06  Thor  
  63  8:10  Terran Vehicle Weapons Level 1  
  72  8:19  SCV x2  
  74  8:31  SCV  
  74  8:33  SCV  
  76  8:40  Supply Depot  
  76  8:41  Supply Depot  
  76  8:42  Supply Depot  
  76  8:43  Hellbat, SCV  
  76  8:44  Hellbat, Siege Tank, Thor  
  90  8:52  Neosteel Armor  
  90  9:02  Command Center  
  90  9:22  Armory  
  90  9:27  Starport  
  90  9:30  SCV  
  91  9:42  SCV  
  92  10:04  Hellion x3  
  92  10:05  Hellion x2  
  104  10:07  Hellion  
  104  10:19  Supply Depot  
  104  10:20  Supply Depot  
  104  10:21  Supply Depot  
  104  10:25  Hellion  
  106  10:33  Hi-Sec Auto Tracking  
  106  10:38  Terran Ship Weapons Level 1  
  106  10:39  Starport Reactor  
  106  10:55  Raven  
  108  10:59  Planetary Fortress  
  108  11:03  Siege Tank x4  
  120  11:06  Hellion x2  
  120  11:09  Terran Vehicle Weapons Level 2  
  124  11:27  Hellion x2  
  128  11:35  Hellion x2  
  132  11:46  Siege Tank x2  
  138  11:52  Medivac  
  140  11:56  Siege Tank  
  143  12:04  Refinery  
  143  12:07  Refinery  
  143  12:15  SCV x3  
  146  12:26  Medivac  
  146  12:27  SCV x3, Medivac  
  153  12:38  Command Center  
  153  12:40  Command Center  
  153  12:41  Terran Ship Weapons Level 2  
  153  12:43  Supply Depot  
  153  12:45  Supply Depot  
  153  12:47  Supply Depot  
  153  12:56  Medivac x2  
  157  13:26  Viking x2  
  159  13:45  SCV  
  160  13:54  Orbital Command x2  
  160  13:56  Viking x2  
  160  13:57  SCV  
  165  14:16  Raven  
  167  14:22  Fusion Core  
  167  14:24  Orbital Command  
  167  14:25  SCV  
  168  14:51  SCV  
  169  14:53  Liberator x2  
  169  14:58  Terran Vehicle Weapons Level 3  
  169  14:59  Raven  
  171  15:00  Terran Ship Weapons Level 3  
  171  15:03  SCV  
  178  15:36  Liberator x2  
  178  15:48  SCV  
  178  15:49  SCV x2  
  182  15:50  SCV  
  182  15:51  SCV, Sensor Tower  
  189  16:01  SCV x3  
  192  16:11  Refinery  
  192  16:15  Refinery  
  192  16:19  Liberator x2  
  192  16:23  Sensor Tower  
  192  16:26  Advanced Ballistics  
  198  16:47  Command Center  
  198  16:52  Command Center  
  161  18:17  Siege Tank x3  
  172  18:20  Hellion x3  
  176  18:27  Viking x2  
  176  18:34  Terran Vehicle And Ship Armor Level 1  
  182  18:41  Hellion x2  
  182  18:42  Planetary Fortress, Hellion  
  182  18:43  Orbital Command  
  182  18:47  Command Center  
  186  18:49  Siege Tank x3  
  195  18:57  Viking x2  
  199  19:24  Orbital Command  
  199  20:25  Orbital Command  
  158  21:06  Orbital Command  
  155  21:22  Viking x2  
  155  21:25  Terran Vehicle And Ship Armor Level 2  
  157  21:52  Viking x2  
  148  22:22  Viking x2  
  152  22:29  Siege Tank x4  
  164  22:31  Hellion  
  164  22:32  Hellion  
  168  22:52  Viking x2  
  176  23:01  Siege Tank x3  
  176  23:02  Hellion  
  183  23:08  Orbital Command  
  177  23:15  Orbital Command  
  165  23:23  Hellion  
  165  23:33  Hellion x2  
  165  23:34  Hellion  
  171  23:41  SCV x3  
  171  23:42  SCV  
  171  23:45  Hellion  
  177  23:49  Viking x2  
  177  23:52  Starport Tech Lab  
  177  23:55  Siege Tank, Hellion x2  
  188  23:59  Refinery  
  188  24:06  Siege Tank  
  191  24:16  Siege Tank x2  
  197  24:19  Viking  
  199  24:30  Refinery  
  173  25:50  Siege Tank x3  
  173  25:51  Siege Tank  
  120  28:03  Siege Tank x3  
  120  28:04  Siege Tank  
  132  28:09  Viking x2  
  132  28:11  Raven  
  123  28:35  Siege Tank x2, Orbital Command  
  123  28:36  Siege Tank x2  
  123  28:39  Viking x2, Command Center  
  131  28:54  Raven  
  133  29:07  Siege Tank x2  
  133  29:08  Siege Tank x2  
  133  29:09  Viking x2  
  149  29:37  Raven  
  151  29:39  Viking x2, Siege Tank x2  
  151  29:40  Siege Tank  
  142  30:07  Orbital Command  
  142  30:08  Refinery  
  142  30:11  Refinery  
  142  30:14  Hellion x4  
  156  30:20  Raven  
  158  30:35  Hellion x4  
  166  30:38  Viking x2  
  164  30:56  Hellion  
  172  30:57  Hellion x3  
  170  31:08  Viking x2  
  168  31:18  Hellion x4  
  170  31:28  Viking  
  172  31:38  Viking x2  
  172  31:39  Hellion  
  184  31:40  Hellion x3  
  175  31:58  Viking  
  271  32:08  Viking x2  
  158  32:25  Thor x2  
  158  32:26  Thor x2  
  158  32:28  Viking  
  180  32:32  Refinery  
  180  32:36  Refinery  
  175  32:38  Viking x2  
  165  32:58  Viking  
  162  33:08  Viking x2, Thor x3  
  162  33:09  Thor  
  174  33:28  Viking  
  164  33:38  Viking x2  
  160  33:51  Thor x2  
  172  33:58  Viking, Thor x2  
  186  34:08  Viking x2  
  190  34:34  Thor  
  195  34:40  Thor  
  167  35:13  Viking x2  
  171  35:16  Thor  
  171  35:17  Thor x2  
  189  35:43  Viking x2  
Tags
 
Add a new tag
Caveats
  • Supply blocks, unpowered buildings, or Contaminate may cause inaccurate times.
  • Supply counts are checked every 10 seconds.